 Dungeon Crawl Stone Soup version 0.28-a0-793-g31680bbd8b (webtiles) character file.

Game seed: 13306682809962376959

122 rogsnak the Digger (level 5, -5/29 HPs)
             Began as a Gargoyle Earth Elementalist on Nov 4, 2021.
             Slain by Sigmund (11 damage)
             ... on level 3 of the Dungeon.
             The game lasted 00:04:16 (3048 turns).

rogsnak the Digger (Gargoyle Earth Elementalist)    Turns: 3048, Time: 00:04:17

Health: -5/29      AC:  7    Str: 11    XL:     5   Next: 6%
Magic:  2/8        EV: 12    Int: 17    God:
Gold:   54         SH:  0    Dex: 10    Spells: 5/9 levels left

rFire   . . .      SeeInvis .   a - +0 spear
rCold   . . .      Faith    .   (no shield)
rNeg    + . .      Spirit   .   b - +0 robe
rPois   ∞          Reflect  .   (no helmet)
rElec   +          Harm     .   (no cloak)
rCorr   .          Rampage  .   (no gloves)
Will    .....                   g - +0 pair of boots
Stlth   ++........              (no amulet)
HPRegen 0.09/turn               (no ring)
MPRegen 0.11/turn               (no ring)

@: no status effects
A: sickness immunity, AC +4, negative energy resistance 1, electricity
resistance, torment resistance 1, petrification resistance
a: no special abilities


You were on level 3 of the Dungeon.
You visited 1 branch of the dungeon, and saw 3 of its levels.

You collected 54 gold pieces.

Inventory:

Hand Weapons
 a - a +0 spear (weapon)
Missiles
 c - 44 stones
 n - 22 poisoned darts
Armour
 b - a +0 robe (worn)
 g - a +0 pair of boots (worn)
Jewellery
 f - a +6 ring of strength
Scrolls
 d - a scroll of enchant weapon {unknown}
 e - 2 scrolls of teleportation {unknown}
 i - a scroll of torment {unknown}
 k - 2 scrolls of identify {unknown}
 l - a scroll of summoning {unknown}
 m - a scroll of enchant armour {unknown}
Potions
 h - a potion of might {unknown}
 j - a potion of ambrosia {unknown}


   Skills:
 + Level 1.5 Fighting
 + Level 2.6 Dodging
 - Level 2.1 Stealth
 + Level 2.6 Spellcasting
 * Level 0.2 Conjurations
 - Level 0.7 Transmutations
 + Level 4.9 Earth Magic


You had 5 spell levels left.
You knew the following spells:

 Your Spells              Type           Power      Damage    Failure   Level
a - Sandblast             Erth           38%        2d10      2%          1
b - Stone Arrow           Conj/Erth      22%        3d8       19%         3

Your spell library contained the following spells:

 Spells                   Type           Power      Damage    Failure   Level
 Passwall                 Tmut/Erth      9%         N/A       9%          2
 Animate Skeleton         Necr           4%         N/A       19%         1
 Pain                     Necr           8%         1d4       19%         1
 Vampiric Draining        Necr           2%         2d6       50%         3
 Petrify                  Tmut/Erth      11%        N/A       50%         4


Dungeon Overview and Level Annotations

Branches:
Dungeon (3/15)

Altars:

Shops:
D:2 [

Annotations:
D:3 Sigmund


Innate Abilities, Weirdness & Mutations

You are immune to sickness and miasma.
Your stone body is resilient. (AC +4)
You are immune to poison.
You resist negative energy. (rN+)
You are resistant to electric shocks. (rElec)
You are resistant to unholy torment.
You are immune to petrification.


Message History

Press: ? - help, Shift-Dir - straight line, f/p - Sigmund
Aim: Sigmund, wielding a +0 scythe and wearing a +0 robe (77% to hit)
The blast of sand hits Sigmund.
Sigmund is lightly wounded.
Sigmund gestures at you while chanting. The puff of flame hits you!
Casting: Sandblast (safe; 2% risk of failure)
Confirm with . or Enter, or press ? or * to list all spells.
Aiming: Sandblast (safe; 2% risk of failure)
Press: ? - help, Shift-Dir - straight line, f/p - Sigmund
Aim: Sigmund, wielding a +0 scythe and wearing a +0 robe (lightly wounded, 77% to hit)
The blast of sand misses Sigmund.
Sigmund hits you from afar with a +0 scythe.
Unknown command.
Casting: Sandblast (safe; 2% risk of failure)
Confirm with . or Enter, or press ? or * to list all spells.
Aiming: Sandblast (safe; 2% risk of failure)
Press: ? - help, Shift-Dir - straight line, f/p - Sigmund
Aim: Sigmund, wielding a +0 scythe and wearing a +0 robe (lightly wounded, 77% to hit)
The blast of sand hits Sigmund!
Sigmund is heavily wounded.
Unknown command.
Casting: Sandblast (safe; 2% risk of failure)
Confirm with . or Enter, or press ? or * to list all spells.
Aiming: Sandblast (safe; 2% risk of failure)
Press: ? - help, Shift-Dir - straight line, f/p - Sigmund
Aim: Sigmund, wielding a +0 scythe and wearing a +0 robe (heavily wounded, 77% to hit)
The blast of sand hits Sigmund!
Sigmund is almost dead.
Sigmund casts a spell at you. The magic dart hits you.
* * * LOW HITPOINT WARNING * * *
Casting: Sandblast (safe; 2% risk of failure)
Confirm with . or Enter, or press ? or * to list all spells.
Aiming: Sandblast (safe; 2% risk of failure)
Press: ? - help, Shift-Dir - straight line, f/p - Sigmund
Aim: Sigmund, wielding a +0 scythe and wearing a +0 robe (almost dead, 77% to hit)
The blast of sand misses Sigmund.
Sigmund hits you from afar with a +0 scythe!
You die...

..#.... #.....#
#.....# #####
#.....# #...#
#.....# #.###
#<....#####.####
....#.####.....@.#
..# #.####....##.#
..# #.##.......#@#
#.# #..........#.#
#.# ####.).....#.#
..########.......#
#.##...###...#####
..#..........#
............##
..#.....#####
####...##


You could see Sigmund.

Vanquished Creatures
  Jessica (D:2)
  3 adders
  3 worms (D:2)
  2 dart slugs
  An orc (D:3)
  6 endoplasms
  8 giant cockroaches
  3 goblins
  3 hobgoblins (D:2)
  A quokka (D:1)
  5 ball pythons
  5 bats
  6 frilled lizards
  7 kobolds
  A rat (D:1)
55 creatures vanquished.

Notes
Turn   | Place    | Note
-------+----------+-------------------------------------------
     0 | D:1      | rogsnak the Gargoyle Earth Elementalist began the quest for
                  | the Orb.
     0 | D:1      | Reached XP level 1. HP: 10/10 MP: 3/3
   598 | D:1      | Reached skill level 4 in Earth Magic
   862 | D:1      | Reached XP level 2. HP: 15/15 MP: 5/5
   887 | D:1      | You fall into a shaft and drop 1 floor!
  1281 | D:2      | Reached XP level 3. HP: 20/20 MP: 6/6
  1317 | D:2      | Learned a level 3 spell: Stone Arrow
  1341 | D:2      | Noticed Jessica
  1347 | D:2      | Killed Jessica
  1353 | D:2      | Reached XP level 4. HP: 16/24 MP: 4/7
  1357 | D:2      | Reached skill level 1 in Fighting
  1511 | D:1      | You fall into a shaft and drop 1 floor!
  1544 | D:2      | Found Asuff's Armour Emporium.
  1808 | D:1      | Found a faded altar of an unknown god.
  2979 | D:3      | Reached XP level 5. HP: 29/29 MP: 8/8
  2983 | D:3      | Noticed Sigmund
  3048 | D:3      | Slain by Sigmund

Illustrated notes

Levels and vault maps discovered:
D:1:      kennysheep_arrival_forest, layout_basic, basic_ecumenical_altar
D:2:      layout_loops_ring, serial_shops, shop, minmay_tetromino_o4,
          uniq_jessica
D:3:      layout_loops_cross, uniq_crazy_yiuf_cottage, uniq_sigmund

Skill      XL: |  1  2  3  4 |
---------------+-------------+-----
Earth Magic    | 4 |  4.9
Dodging        | 2 |  2.6
Fighting       | 1 |  1.5
Stealth        | |  2.1
Spellcasting   | |  2.6
Conjurations   | |  0.2
Transmutations | |  0.7

Action                   |  1- 3 |  4- 6 || total
-------------------------+-------+-------++-------
Melee: Unarmed           |    66 |       ||    66
       Spear             |    50 |   119 ||   169
 Cast: Sandblast         |     6 |     8 ||    14
 Stab: Sleeping          |     4 |     5 ||     9
       Distracted        |       |     1 ||     1
Armor: Robe              |    60 |    40 ||   100
Dodge: Dodged            |    71 |    63 ||   134

Table legend: (Time is in decaauts)
 A = Elapsed time spent in this place.
 B = Non-inter-level travel time spent in this place.
 C = Inter-level travel time spent in this place.
 D = Time resting spent in this place.
 E = Time spent auto-exploring this place.
 F = Levels seen in this place.
 G = Mean time per level.
                   A        B        C        D        E       F      G
               +--------+--------+--------+--------+--------+-----+--------+
         Total |   3065 |   3027 |     38 |   1018 |   1450 |   3 | 1021.7 |
       Dungeon |   3065 |   3027 |     38 |   1018 |   1450 |   3 | 1021.7 |
               +--------+--------+--------+--------+--------+-----+--------+

Top non-repeatable levels by time:
     D:1: 1702 daAuts
     D:2: 1266 daAuts
     D:3: 96 daAuts
